 Dungeon Crawl Stone Soup version 0.30-a0-986-g7f2e898f52 (webtiles) character file.

Game seed: 7993800519818362826

166 jimonade the Trooper (level 5, -2/47 HPs)
             Began as a Hill Orc Monk on Apr 1, 2023.
             Killed from afar by an orc wizard (11 damage)
             ... with a puff of flame
             ... on level 3 of the Dungeon.
             The game lasted 00:05:00 (2043 turns).

jimonade the Trooper (Hill Orc Monk)                Turns: 2043, Time: 00:05:01

Health: -2/47      AC:  8    Str: 16    XL:     5   Next: 47%
Magic:  7/7        EV:  8    Int: 16    God:
Gold:   185        SH:  0    Dex: 19    Spells: 4/4 levels left

rFire   . . .      SeeInvis .    a - +0 spear
rCold   . . .      Faith    .    (no shield)
rNeg    . . .      Spirit   .    f - +0 chain mail
rPois   .          Reflect  .    (no helmet)
rElec   .          Rampage  .    (no cloak)
rCorr   .                        (no gloves)
Will    .....                    (no boots) Stlth
                                 (no amulet)
HPRegen 0.27/turn                j - +6 ring of intelligence
MPRegen 0.10/turn                l - +6 ring of dexterity

@: no status effects
A: no striking features
a: no special abilities


You were on level 3 of the Dungeon.
You visited 1 branch of the dungeon, and saw 3 of its levels.

You collected 185 gold pieces.

Inventory:

Hand Weapons
 a - a +0 spear (weapon)
 o - a +0 hand axe
 w - a +0 halberd
 y - a +0 spear
Missiles
 e - 26 stones (quivered)
Armour
 b - a +0 robe
 f - a +0 chain mail (worn)
Jewellery
 j - a +6 ring of intelligence (left hand)
 l - a +6 ring of dexterity (right hand)
 x - a ring of magical power
Scrolls
 d - a scroll of magic mapping {unknown}
 g - a scroll of noise {unknown}
 k - 2 scrolls of teleportation {unknown}
 n - a scroll of fear {unknown}
 r - 5 scrolls of identify {unknown}
 s - a scroll of fog {unknown}
 u - a scroll of enchant armour {unknown}
Potions
 c - 4 potions of ambrosia
 h - a potion of cancellation {unknown}
 i - 3 potions of degeneration {unknown}
 m - 2 potions of heal wounds {unknown}
 p - 2 potions of might {unknown}
 q - 3 potions of curing {unknown}
 t - a potion of berserk rage {unknown}
 v - a potion of mutation {unknown}
 z - a potion of haste {unknown}


   Skills:
 + Level 4.4 Fighting
 + Level 4.1 Polearms
 + Level 2.2 Armour
 + Level 2.8 Dodging
 - Level 1.5 Stealth
 * Level 3.2 Invocations


You had 4 spell levels left.
You didn't know any spells.
Your spell library contained the following spells:

 Spells                   Type           Power      Damage    Failure   Level
 Dazzling Flash           Conj/Hex       0%         N/A       100%        3
 Iskenderun's Mystic Bla  Conj/Tloc      0%         2d3       100%        4
 Starburst                Conj/Fire      0%         6d3       100%        6


Dungeon Overview and Level Annotations

Branches:
Dungeon (3/15)

Altars:
Yredelemnul

Shops:
D:3 !


Message History

You hit the orc wizard.
You kill the orc wizard!
You hit the orc wizard.
The orc wizard is lightly wounded.
The orc wizard casts a spell at you.
You are confused.
The orc wizard hits you with a +0 dagger.
* * * LOW HITPOINT WARNING * * *
You closely miss the orc wizard.
The orc wizard is lightly wounded.
The orc wizard hits you but does no damage.
You miss the orc wizard.
The orc wizard is lightly wounded.
The orc wizard hits you but does no damage.
You hit the orc wizard but do no damage.
The orc wizard is lightly wounded.
The orc wizard hits you but does no damage.
You miss the orc wizard.
The orc wizard is lightly wounded.
The orc wizard hits you but does no damage.
You hit the orc wizard.
The orc wizard is moderately wounded.
You feel less confused.
The orc wizard hits you but does no damage.
You closely miss the orc wizard.
The orc wizard is moderately wounded.
The orc wizard hits you but does no damage.
You hit the orc wizard but do no damage.
The orc wizard is moderately wounded.
You closely miss the orc wizard.
The orc wizard is moderately wounded.
The orc wizard hits you but does no damage.
You hit the orc wizard.
The orc wizard is heavily wounded.
The orc wizard closely misses you.
You hit the orc wizard.
The orc wizard is severely wounded.
The orc wizard points at you and mumbles some strange words.
The puff of flame hits you!
You die...

############ #######..........#
#................#
###................#
#####..................####
#......[#####....).........
..##....# #...@o..........
∩.##....#####...............
..........................#
#.........................#.#
..........................#.#
..........................#.###
...........................>...
.................÷.)......#.#
..........................#.#


You could see an orc wizard.

Vanquished Creatures
  A scorpion (D:3)
  An orc wizard (D:3)
  3 gnolls (D:2)
  An adder (D:2)
  3 bats
  2 endoplasms (D:1)
  2 goblins (D:1)
  10 hobgoblins
  A quokka (D:2)
  9 ball pythons
  A frilled lizard (D:2)
  3 kobolds
  2 rats
39 creatures vanquished.

Vanquished Creatures (others)
  3 plants (D:2)
3 creatures vanquished.

Grand Total: 42 creatures vanquished

Notes
Turn   | Place    | Note
-------+----------+-------------------------------------------
     0 | D:1      | jimonade the Hill Orc Monk began the quest for the Orb.
     0 | D:1      | Reached XP level 1. HP: 19/19 MP: 1/1
   126 | D:1      | Reached skill level 1 in Invocations
   156 | D:1      | Reached XP level 2. HP: 27/27 MP: 3/3
   724 | D:2      | Reached XP level 3. HP: 33/33 MP: 4/4
  1130 | D:2      | Reached skill level 1 in Armour
  1130 | D:2      | Reached XP level 4. HP: 27/40 MP: 5/5
  1516 | D:2      | Found a faded altar of an unknown god.
  1790 | D:3      | Found Mepont's Distillery.
  1836 | D:3      | Found a basalt altar of Yredelemnul.
  1844 | D:3      | Noticed a scorpion
  1860 | D:3      | Killed a scorpion
  1861 | D:3      | Reached XP level 5. HP: 27/47 MP: 7/7
  2043 | D:3      | Killed from afar by an orc wizard

Illustrated notes

Levels and vault maps discovered:
D:1:      denvon_arrival_waterhouse, layout_rooms
D:2:      layout_loops_ring, hellmonk_ecumenical_altar_lost_god,
          minmay_shallow_snake_nest
D:3:      layout_basic, old_standard_altar, serial_shops, nicolae_shop_stone

Skill      XL: |  1  2  3  4 |
---------------+-------------+-----
Invocations    | 1 2 3 |  3.2
Fighting       | 4 |  4.4
Armour         | 1 2 |  2.2
Polearms       | 4 |  4.1
Dodging        | |  2.8
Stealth        | |  1.5

Action                     |  1- 3 |  4- 6 || total
---------------------------+-------+-------++-------
  Melee: Spear             |   119 |    58 ||   177
         Punch             |     1 |     1 ||     2
 Armour: Chain mail        |    42 |    48 ||    90
  Dodge: Dodged            |    25 |    54 ||    79

Table legend: (Time is in decaauts)
 A = Elapsed time spent in this place.
 B = Non-inter-level travel time spent in this place.
 C = Inter-level travel time spent in this place.
 D = Time resting spent in this place.
 E = Time spent auto-exploring this place.
 F = Levels seen in this place.
 G = Mean time per level.
                   A        B        C        D        E       F      G
               +--------+--------+--------+--------+--------+-----+--------+
         Total |   2027 |   1959 |     68 |    195 |   1233 |   3 |  675.7 |
       Dungeon |   2027 |   1959 |     68 |    195 |   1233 |   3 |  675.7 |
               +--------+--------+--------+--------+--------+-----+--------+

Top non-repeatable levels by time:
     D:2: 997 daAuts
     D:1: 725 daAuts
     D:3: 305 daAuts
